 Dungeon Crawl Stone Soup version 0.26-a0-660-gc07710193c (webtiles) character file.

Game seed: 14031744407432048279

1237 MrRokkomies the Vexing (level 8, 0/60 HPs)
             Began as a Gnoll Wanderer on Oct 6, 2020.
             Was a Follower of Makhleb.
             Slain by Maggie
             ... wielding a +0 halberd
              (9 damage)
             ... on level 6 of the Dungeon.
             The game lasted 00:08:45 (7373 turns).

MrRokkomies the Vexing (Gnoll Wanderer)             Turns: 7373, Time: 00:08:47

Health: 0/60       AC:  7    Str: 17    XL:     8   Next: 49%
Magic:  14/14      EV: 10    Int: 17    God:    Makhleb [*.....]
Gold:   335        SH:  0    Dex: 12    Spells: 11/15 levels left

rFire    + . .     SeeInvis +   a - +1 falchion (elec)
rCold    + + .     Faith    .   (no shield)
rNeg     . . .     Spirit   .   v - +0 scale mail {rC+}
rPois    .         Reflect  .   j - +0 helmet
rElec    .         Harm     .   p - scarf {rC+ rF+}
rCorr    .         Rampage  .   (no gloves)
MR       .....                  (no boots)
Stlth    +.........             e - amulet of the acrobat
HPRegen  0.20/turn              i - ring of see invisible
MPRegen  0.14/turn              g - ring of flight

@: about to teleport, mesmerised, heavily drained
A: distributed training, fangs 1, strong nose
a: Renounce Religion, Evoke Flight


You were on level 6 of the Dungeon.
You worshipped Makhleb.
Makhleb was aware of your devotion.
You visited 1 branch of the dungeon, and saw 6 of its levels.

You collected 335 gold pieces.

Inventory:

Hand Weapons
 a - a +1 falchion of electrocution (weapon)
 b - a +2 dagger of venom
 s - a +2 dagger
 B - a +0 shortbow
Missiles
 c - 20 poisoned darts
 l - 4 javelins (quivered)
 t - 2 curare-tipped darts
 C - 17 arrows
Armour
 d - a +0 robe
 j - a +0 helmet (worn)
 p - a scarf of resistance (worn)
 v - a +0 scale mail of cold resistance (worn)
Jewellery
 e - an amulet of the acrobat (around neck)
 g - a ring of flight (right hand)
 i - a ring of see invisible (left hand)
Wands
 r - a wand of random effects (20)
 u - a wand of paralysis (4)
Scrolls
 f - a scroll of remove curse
 k - 4 scrolls of teleportation
 m - a scroll of enchant weapon
 n - a scroll of fog
 y - a scroll of identify
 z - a scroll of blinking
Potions
 h - 2 potions of might
 o - 2 potions of stabbing {unknown}
 q - 5 potions of curing
 w - a potion of flight {unknown}
 x - a potion of degeneration {unknown}
 A - a potion of brilliance {unknown}


   Skills:
 + Level 4.2(2.9) Fighting
 + Level 3.3(1.9) Short Blades
 + Level 3.3(1.9) Long Blades
 + Level 3.3(1.9) Axes
 + Level 3.3(1.9) Maces & Flails
 + Level 3.3(1.9) Polearms
 + Level 4.2(2.9) Staves
 + Level 3.3(1.9) Slings
 + Level 3.3(1.9) Bows
 + Level 3.3(1.9) Crossbows
 + Level 4.2(2.9) Throwing
 + Level 3.3(1.9) Armour
 + Level 4.2(2.9) Dodging
 + Level 4.1(2.7) Stealth
 + Level 3.3(1.9) Shields
 + Level 3.3(1.9) Unarmed Combat
 + Level 4.4(3.0) Spellcasting
 + Level 4.7(3.3) Conjurations
 + Level 4.7(3.3) Hexes
 + Level 2.7(1.4) Summonings
 + Level 2.7(1.4) Necromancy
 + Level 2.7(1.4) Translocations
 + Level 2.7(1.4) Transmutations
 + Level 2.7(1.4) Fire Magic
 + Level 2.7(1.4) Ice Magic
 + Level 2.7(1.4) Air Magic
 + Level 2.7(1.4) Earth Magic
 + Level 2.7(1.4) Poison Magic
 + Level 3.6(2.3) Invocations
 + Level 3.3(1.9) Evocations


You had 11 spell levels left.
You knew the following spells:

 Your Spells              Type           Power        Failure   Level
a - Freeze                Ice            #...         34%         1
b - Frozen Ramparts       Ice            #.....       71%         3

Your spell library contained the following spells:

 Spells                   Type           Power        Failure   Level
 Corona                   Hex            ##.....      16%         1
 Animate Skeleton         Necr           #.....       34%         1
 Apportation              Tloc           #.....       34%         1
 Summon Small Mammal      Summ           #...         34%         1


Dungeon Overview and Level Annotations

Branches:
Dungeon (6/15)             Temple (0/1) D:4

Altars:
Ashenzari
Elyvilon
Gozag
Kikubaaqudgha
Makhleb
Vehumet
The Shining One

Shops:
D:4 *

Annotations:
D:3 1 runed translucent door
D:5 2 runed translucent doors, Tman's ghost, amateur SpEn
D:6 Edmund; Maggie


Innate Abilities, Weirdness & Mutations

Your experience applies equally to all skills.
You have very sharp teeth.
Your uncanny sense of smell can sniff out nearby items.


Message History

You feel drained. The adder zombie barely misses you.
Maggie hits you from afar with a +0 halberd.
* * * LOW HITPOINT WARNING * * *
Press: ? - help, Dir - move target cursor, p - Edmund You cannot blink away from Maggie!
Press: ? - help, Dir - move target cursor You cannot blink away from Maggie!
Blink to where?
Press: ? - help, Dir - move target cursor, f - you
Okay, then.
Unknown command.
Unknown command.
As you read the scroll of teleportation, it crumbles to dust.
You feel strangely unstable. The adder zombie closely misses you.
Edmund hits you with a +0 flail of draining.
* * * LOW HITPOINT WARNING * * *
You feel drained.
* * * LOW HITPOINT WARNING * * *
Maggie hits you from afar with a +0 halberd!
You die...

*,,,,,,,,,* **,,,*****,,..*
*,,,,,,,,,* *,..<..# ***#.#*
*,,,,,,,,,* #,#....# #..#*
***,*,,**** #.#....# *#..* #
**,**,,* #.#....# *#.####
**,,***,* #.#.?..# ######.(†).
*,,** *,#####......# #....####†.
*,** *,#..[...Z...# #[...###...
*,* *,*,***,#@#*** #....†.....
*,* *,*,* *,#@# #....###.#.
*,*****,*.###)#@########.###..#.
*,,,,,,,..........@.............
*******,#####...####........#...
**,*** #..##*#..###.......#
*,,,,* #..,.F..##*##.###.##
****,**,**#..*###@,,,,......#.
*,,,,,∆,,,...* *..*****##...#.


You could see Maggie (mesmerising), Edmund and an adder zombie.

Vanquished Creatures
  Duvessa (D:5)
  A phantom (D:6)
  An ice beast (D:6)
  2 centaurs (D:6)
  2 bullfrogs (D:6)
  Dowan (D:5)
  A water moccasin skeleton (D:5)
  2 howler monkeys
  A hound (D:5)
  A jelly (D:5)
  2 orc priests (D:5)
  A bullfrog skeleton (D:4)
  Ijyb (D:3)
  3 orc wizards (D:5)
  3 worker ants
  A hound zombie (D:5)
  7 adders
  A white imp (D:5)
  A worm (D:2)
  6 leopard geckos
  4 orcs
  7 giant cockroaches
  11 goblins
  4 hobgoblins
  2 jackals (D:6)
  8 kobolds
  2 quokkas
  A ball python (D:5)
  7 bats
  6 frilled lizards
  A giant cockroach zombie (D:5)
  8 rats
100 creatures vanquished.

Vanquished Creatures (others)
  4 toadstools (D:1)
  2 withered plants (D:3)
6 creatures vanquished.

Grand Total: 106 creatures vanquished

Notes
Turn   | Place    | Note
-------+----------+-------------------------------------------
     0 | D:1      | MrRokkomies the Gnoll Wanderer began the quest for the Orb.
     0 | D:1      | MrRokkomies set off with the following items: a +2 dagger,
                  | 3 curare-tipped darts, a +0 robe; and the following spell
                  | memorised: Freeze; and the following spells available to
                  | memorise: Frozen Ramparts
     0 | D:1      | Reached XP level 1. HP: 17/17 MP: 4/4
   423 | D:1      | Reached XP level 2. HP: 21/23 MP: 0/5
  1102 | D:1      | Reached XP level 3. HP: 24/28 MP: 7/7
  1107 | D:1      | Learned a level 3 spell: Frozen Ramparts
  1406 | D:2      | Found a white marble altar of Elyvilon.
  1480 | D:2      | Reached skill level 1 in Invocations
  1854 | D:2      | Reached skill level 1 in Short Blades
  1854 | D:2      | Reached skill level 1 in Long Blades
  1854 | D:2      | Reached skill level 1 in Axes
  1854 | D:2      | Reached skill level 1 in Maces & Flails
  1854 | D:2      | Reached skill level 1 in Polearms
  1854 | D:2      | Reached skill level 1 in Slings
  1854 | D:2      | Reached skill level 1 in Bows
  1854 | D:2      | Reached skill level 1 in Crossbows
  1854 | D:2      | Reached skill level 1 in Armour
  1854 | D:2      | Reached skill level 1 in Shields
  1854 | D:2      | Reached skill level 1 in Unarmed Combat
  1854 | D:2      | Reached skill level 1 in Evocations
  1854 | D:2      | Reached XP level 4. HP: 18/34 MP: 1/8
  2180 | D:2      | Found a glowing golden altar of the Shining One.
  2666 | D:2      | Reached skill level 1 in Summonings
  2666 | D:2      | Reached skill level 1 in Necromancy
  2666 | D:2      | Reached skill level 1 in Translocations
  2666 | D:2      | Reached skill level 1 in Transmutations
  2666 | D:2      | Reached skill level 1 in Fire Magic
  2666 | D:2      | Reached skill level 1 in Ice Magic
  2666 | D:2      | Reached skill level 1 in Air Magic
  2666 | D:2      | Reached skill level 1 in Earth Magic
  2666 | D:2      | Reached skill level 1 in Poison Magic
  3086 | D:2      | Found a burning altar of Makhleb.
  3086 | D:2      | Found a radiant altar of Vehumet.
  3089 | D:2      | Became a worshipper of Makhleb the Destroyer
  3275 | D:3      | Noticed Ijyb
  3285 | D:3      | Killed Ijyb
  3285 | D:3      | Reached XP level 5. HP: 11/40 MP: 0/9
  3314 | D:3      | HP: 2/40 [poisoned by a worker ant]
  3995 | D:3      | Found an ancient bone altar of Kikubaaqudgha.
  4036 | D:3      | Noticed an angel
  4037 | D:3      | Found a glowing golden altar of the Shining One.
  4038 | D:3      | Found a runed translucent door.
  4237 | D:3      | Found a broken altar of Ashenzari.
  4943 | D:4      | Found a staircase to the Ecumenical Temple.
  4962 | D:4      | Reached XP level 6. HP: 47/47 MP: 9/11
  5212 | D:4      | Found Gozag's Platinum Reserve.
  5255 | D:4      | Found an opulent altar of Gozag.
  5862 | D:5      | Entered Level 5 of the Dungeon
  5862 | D:5      | Found a runed translucent door.
  5862 | D:5      | Noticed Tman's ghost (amateur SpEn)
  6277 | D:5      | Noticed Duvessa
  6277 | D:5      | Noticed Dowan
  6284 | D:5      | Killed Duvessa
  6284 | D:5      | Reached XP level 7. HP: 46/52 MP: 12/12
  6293 | D:5      | Killed Dowan
  6735 | D:5      | Found a runed translucent door.
  6960 | D:6      | Reached * piety under Makhleb
  6975 | D:6      | Reached XP level 8. HP: 15/60 MP: 14/14
  7355 | D:6      | Noticed Edmund
  7361 | D:6      | Noticed Maggie
  7373 | D:6      | Slain by Maggie

Illustrated notes

Levels and vault maps discovered:
D:1:      ldierk_walled_garden_2, layout_loops_corners
D:2:      layout_basic, gammafunk_temple_overflow_elements,
          overflow_temple_1_default, elyvilon_altar_4
D:3:      layout_loops_ring, evilmike_ruin_ashenzari, kiku_gazebo_garden_becter,
          lemuel_angel_altar, uniq_ijyb
D:4:      layout_layer_cave, nicolae_gozag_zags_fifth_avenue,
          minmay_temple_entry_wispy, dk_rats_in_the_wall
D:5:      layout_loops_ring, ebering_ghost_sewer_f, uniq_duvessa
D:6:      layout_rooms, portal_sewer_entry_d, uniq_pikel, uniq_edmund,
          uniq_maggie

Skill      XL: |  1  2  3  4  5  6  7  8 |
---------------+-------------------------+-----
Invocations    | 1 2 3 |  3.6
Short Blades   | 1 2 3 |  3.3
Long Blades    | 1 2 3 |  3.3
Axes           | 1 2 3 |  3.3
Maces & Flails | 1 2 3 |  3.3
Polearms       | 1 2 3 |  3.3
Slings         | 1 2 3 |  3.3
Bows           | 1 2 3 |  3.3
Crossbows      | 1 2 3 |  3.3
Armour         | 1 2 3 |  3.3
Shields        | 1 2 3 |  3.3
Unarmed Combat | 1 2 3 |  3.3
Evocations     | 1 2 3 |  3.3
Spellcasting   | 3 4 |  4.4
Summonings     | 1 2 |  2.7
Necromancy     | 1 2 |  2.7
Translocations | 1 2 |  2.7
Transmutations | 1 2 |  2.7
Fire Magic     | 1 2 |  2.7
Ice Magic      | 1 2 |  2.7
Air Magic      | 1 2 |  2.7
Earth Magic    | 1 2 |  2.7
Poison Magic   | 1 2 |  2.7
Fighting       | 3 4 |  4.2
Staves         | 3 4 |  4.2
Throwing       | 3 4 |  4.2
Dodging        | 3 4 |  4.2
Conjurations   | 4 |  4.7
Hexes          | 4 |  4.7
Stealth        | 3 4 |  4.1

Action                   |  1- 3 |  4- 6 |  7- 9 || total
-------------------------+-------+-------+-------++-------
Melee: Dagger            |    73 |    49 |    11 ||   133
       Bite              |     3 |    15 |    13 ||    31
       Punch             |       |     1 |     2 ||     3
       Falchion          |       |    71 |    73 ||   144
Throw: Javelin           |     4 |     3 |       ||     7
       Dart              |     1 |       |       ||     1
 Cast: Freeze            |    25 |    23 |       ||    48
       Frozen Ramparts   |       |     3 |       ||     3
Evoke: Wand              |       |       |     1 ||     1
  Use: Scroll            |     5 |     5 |     3 ||    13
       Potion            |       |       |     3 ||     3
 Stab: Sleeping          |     8 |     4 |       ||    12
Armor: Robe              |    18 |    19 |       ||    37
       Scale mail        |       |    17 |    30 ||    47
Dodge: Dodged            |    69 |    83 |    74 ||   226
       Rpst.: Falchion   |       |    10 |    20 ||    30

Table legend: (Time is in decaauts)
 A = Elapsed time spent in this place.
 B = Non-inter-level travel time spent in this place.
 C = Inter-level travel time spent in this place.
 D = Time resting spent in this place.
 E = Time spent auto-exploring this place.
 F = Levels seen in this place.
 G = Mean time per level.
                   A        B        C        D        E       F      G
               +--------+--------+--------+--------+--------+-----+--------+
         Total |   7399 |   7239 |    160 |    411 |   5902 |   6 | 1233.2 |
       Dungeon |   7399 |   7239 |    160 |    411 |   5902 |   6 | 1233.2 |
               +--------+--------+--------+--------+--------+-----+--------+

Top non-repeatable levels by time:
     D:2: 1861 daAuts
     D:3: 1545 daAuts
     D:1: 1403 daAuts
     D:5: 1081 daAuts
     D:4: 1054 daAuts
     D:6: 453 daAuts
